 Dungeon Crawl Stone Soup version 0.22.0-36-g8e74550 (webtiles) character file.

269 inkymcblowfish the Sneak (level 6, -2/43 HPs)
             Began as an Octopode Fighter on Aug 24, 2018.
             Was an Initiate of Trog.
             Killed from afar by a white imp (9 damage)
             ... with a puff of frost
             ... summoned by Natasha
             ... on level 3 of the Dungeon.
             The game lasted 00:08:05 (2188 turns).

inkymcblowfish the Sneak (Octopode Fighter)         Turns: 2188, Time: 00:08:07

Health: -2/43      AC:  1    Str: 20    XL:     6   Next: 22%
Magic:  6/6        EV: 12    Int: 11    God:    Trog [......]
Gold:   104        SH:  9    Dex: 13    Spells: 5/5 levels left

rFire    . . .     SeeInvis .   a - +0 rapier
rCold    . . .     Gourm    .   b - +0 shield
rNeg     . . .     Faith    .   (helmet restricted)
rPois    .         Spirit   .   (no amulet)
rElec    .         Reflect  .   (no ring)
rCorr    .         Harm     .   (no ring)
MR       .....                  (no ring)
Stlth    +++.......             (no ring)
HPRegen  0.14/turn              (no ring)
MPRegen  0.10/turn              (no ring)
                                (no ring)
                                (no ring)

@: mighty, slowed, very slow
A: almost no armour, stealthy swim, amphibious, 8 rings, constrict 8, camouflage
1, gelatinous body 1
a: Renounce Religion


You were on level 3 of the Dungeon.
You worshipped Trog.
Trog was noncommittal.
You were not hungry.

You visited 1 branch of the dungeon, and saw 3 of its levels.

You collected 104 gold pieces.

Inventory:

Hand Weapons
 a - a +0 rapier (weapon)
 j - a +0 blowgun
 k - a +0 dagger
Missiles
 f - 35 stones (quivered)
 m - 3 poisoned needles
Armour
 b - a +0 shield (worn)
Jewellery
 i - a +3 ring of evasion {unknown}
Wands
 p - a wand of flame (36)
Scrolls
 e - a scroll of random uselessness {unknown}
 h - a scroll of fog {unknown}
 l - a scroll of enchant armour {unknown}
Potions
 g - a potion of resistance
 n - a potion of flight {unknown}
Comestibles
 d - 2 rations
 o - 4 chunks of flesh


   Skills:
 * Level 3.9 Fighting
 * Level 3.5 Short Blades
 * Level 1.5 Throwing
 + Level 3.5 Dodging
 * Level 4.0 Stealth
 + Level 3.5 Shields


You had 5 spell levels left.
You didn't know any spells.
Your spell library was empty.

Dungeon Overview and Level Annotations

Branches:
Dungeon (3/15)

Altars:
Ashenzari
Cheibriados
Elyvilon
Makhleb
Ru
Trog
Uskayaw
Xom
The Shining One

Annotations:
D:3 Natasha


Innate Abilities, Weirdness & Mutations

You cannot wear most types of armour.
You are very stealthy in the water. (Stealth+)
You are amphibious.
You can wear up to eight rings at the same time.
You can use your tentacles to constrict eight enemies at once.
Your skin changes colour to match your surroundings (Stealth+).
Your rubbery body absorbs attacks. (AC +1, EV +1)


Message History

Trog accepts your kill.
Your Stealth skill increases to level 4!
You constrict the orc. The orc barely misses you. The white imp misses you.
The goblin barely misses you. Natasha casts a spell at you.
You feel yourself slow down.
You puncture Natasha! Your grab misses Natasha.
Natasha is almost dead.
You constrict the orc.
You kill the orc!
Trog accepts your kill. The white imp barely misses you.
The goblin closely misses you. Natasha barely misses you.
The white imp barely misses you.
You closely miss Natasha. Your grab misses Natasha.
Your squeeze misses Natasha.
Natasha is almost dead.
You block the goblin's attack. You block Natasha's attack.
The white imp gestures at you. The puff of frost hits you!
You die...

# #. ##.########
..#.#######.#
........##.#
...........#
###.#..#.##.#
#...#..#.##.#..
#.............
.###.#g.#.##.....
......h@#.##.....
......5))........
..#.#.###.###.#...
.#.... #.# . ##.#.
#.# .... .# ... .
##


You could see Natasha, a white imp and a goblin.

Vanquished Creatures
  Sigmund (D:3)
  An orc wizard (D:3)
  2 adders (D:2)
  3 dart slugs
  3 orcs (D:3)
  A ball python (D:2)
  2 giant cockroaches
  9 hobgoblins
  3 jackals (D:2)
  4 quokkas (D:2)
  7 bats
  2 frilled lizards
  6 goblins
  7 kobolds
  3 rats (D:2)
54 creatures vanquished.

Vanquished Creatures (others)
  A giant cockroach (D:2)
1 creature vanquished.

Grand Total: 55 creatures vanquished

Notes
Turn   | Place    | Note
-------+----------+-------------------------------------------
     0 | D:1      | inkymcblowfish the Octopode Fighter began the quest for the Orb.
     0 | D:1      | Reached XP level 1. HP: 16/16 MP: 1/1
   301 | D:1      | Reached XP level 2. HP: 21/21 MP: 2/2
   919 | D:2      | Found a sacrificial altar of Ru.
   920 | D:2      | Found a hide-covered altar of Uskayaw.
   921 | D:2      | Found a glowing golden altar of the Shining One.
   922 | D:2      | Found a shimmering altar of Xom.
   922 | D:2      | Found a burning altar of Makhleb.
   924 | D:2      | Found a shattered altar of Ashenzari.
   924 | D:2      | Found a snail-covered altar of Cheibriados.
   927 | D:2      | Found a bloodstained altar of Trog.
  1062 | D:2      | Reached XP level 3. HP: 26/26 MP: 3/3
  1076 | D:2      | Reached skill level 1 in Stealth
  1286 | D:2      | Found a white marble altar of Elyvilon.
  1734 | D:2      | Reached XP level 4. HP: 31/31 MP: 4/4
  1990 | D:2      | Became a worshipper of Trog the Wrathful
  2012 | D:3      | Noticed Sigmund
  2017 | D:3      | Killed Sigmund
  2017 | D:3      | Reached skill level 1 in Throwing
  2017 | D:3      | Reached skill level 3 in Stealth
  2017 | D:3      | Reached XP level 5. HP: 21/37 MP: 5/5
  2017 | D:3      | Reached XP level 6. HP: 24/43 MP: 6/6
  2176 | D:3      | Noticed Natasha
  2186 | D:3      | Reached skill level 4 in Stealth
  2188 | D:3      | Killed from afar by a white imp

Skill      XL: |  1  2  3  4  5  6 |
---------------+-------------------+-----
Stealth        | 1 3 4 |  4.0
Short Blades   | 3 |  3.5
Throwing       | 1 |  1.5
Fighting       | |  3.9
Dodging        | |  3.5
Shields        | |  3.5

Action                   |  1- 3 |  4- 6 || total
-------------------------+-------+-------++-------
Melee: Rapier            |    72 |    26 ||    98
       Constrict         |    20 |    12 ||    32
       Tentacles         |     9 |    10 ||    19
Throw: Stone             |    23 |    12 ||    35
  Use: Scroll            |     4 |       ||     4
       Potion            |     1 |     1 ||     2
 Stab: Sleeping          |     5 |     5 ||    10
  Eat: Chunk             |     3 |     1 ||     4
Armor: Skin              |     2 |     2 ||     4
Dodge: Dodged            |    33 |    16 ||    49
Block: Shield            |    36 |    14 ||    50
